AoeStats
← VIT Liereyy

Arabian Desert

510316675Analyzed
1v1 RM · 23h ago on Sep 30, 2026· 26m 4s· 2 players
Game mode
Random Map
Map size
Tiny (2 player)
Population
200
Speed
Normal
Resources
Standard
Victory
Conquest
Starting age
Dark Age
Ending age
Imperial Age
RankedLock teamsTeams togetherTeam positionsShared explorationLock speedFull tech treeHidden civsTurbo modeCheats
Victory
Defeat
🇦🇹 Koreans · Austria
2933
+9
🇫🇷 Khitans · France
2781
-9
DS_Ciskhan
5:55 Loom
8:44 Feudal Age
8:52 Man-at-Arms
9:23 Double-Bit Axe
10:43 Domestication
14:09 Forging
16:15 Scale Barding Armor
19:36 Padded Archer Armor
24:58 Castle Age
23:08 Fletching
24:02 Padded Archer Armor
24:24 Gold Mining
25:36 Bodkin Arrow
25:20 Elite Skirmisher
VIT Liereyy
7:24 Loom
7:29 Loom
10:03 Feudal Age
10:07 Man-at-Arms
10:32 Double-Bit Axe
14:45 Fletching
16:34 Scale Mail Armor
22:12 Castle Age
20:41 Gold Mining
20:41 Horse Collar
22:12 Crossbowman
22:48 Bodkin Arrow
23:04 Bow Saw
24:50 Ballistics
Connection lost

Rejoining the realm…

Still unreachable

The connection could not be restored.

Session expired

The server has moved on; the page needs a fresh start.